 Dungeon Crawl Stone Soup version 0.18.1-8-gdd0e5ea (webtiles) character file.

894 Kzard the Fighter (level 7, -1/69 HPs)
             Began as a Minotaur Berserker on June 4, 2016.
             Was a Priest of Trog.
             Succumbed to a water moccasin's poison
             ... on level 5 of the Dungeon.
             The game lasted 00:23:29 (5734 turns).

Kzard the Fighter (Minotaur Berserker)              Turns: 5734, Time: 00:23:30

Health: -1/69      AC: 10    Str: 21    XL:     7   Next: 78%
Magic:  6/6        EV:  9    Int:  8    God:    Trog [***...]
Gold:   247        SH:  0    Dex: 10    Spells: 0 memorised, 6 levels left

rFire  . . .     SeeInvis .     a - +0 hand axe
rCold  . . .     Gourm    .     u - +1 chain mail
rNeg   . . .     Faith    .     (no shield)
rPois  .         Spirit   .     (helmet restricted)
rElec  .         Dismiss  +     (no cloak)
rCorr  .         Reflect  .     (no gloves)
SustAt .         Harm     .     (no boots)
MR     .....                    f - amulet of dismissal
Stlth  ..........               z - +2 ring of intelligence
                                (no ring)

@: lethally poisoned (-1 -> -13), exhausted, not resistant to hostile
enchantments, extremely unstealthy
A: retaliatory headbutt, horns 2
a: Berserk, Trog's Hand, Burn Spellbooks, Renounce Religion


You were on level 5 of the Dungeon.
You worshipped Trog.
Trog was most pleased with you.
You were not hungry.

You visited 1 branch of the dungeon, and saw 5 of its levels.

You collected 247 gold pieces.

Inventory:

Hand Weapons
 a - a +0 hand axe (weapon)
Missiles
 e - 50 stones (quivered)
Armour
 u - a +1 chain mail (worn)
Jewellery
 f - an amulet of dismissal (around neck)
 z - a +2 ring of intelligence (right hand)
Wands
 g - a wand of flame (18/48)
Scrolls
 c - a scroll of remove curse
 j - a scroll of teleportation
Potions
 d - a potion of agility
 h - a potion of berserk rage
 i - 2 potions of might
 l - a potion of brilliance
 m - 2 potions of lignification
 v - a potion of heal wounds {unknown}
Comestibles
 t - 3 meat rations
 w - a beef jerky


   Skills:
 * Level 8.6 Fighting
 - Level 4.1 Axes
 + Level 5.3 Armour
 + Level 5.0 Dodging


You had 6 spell levels left.
You didn't know any spells.

Dungeon Overview and Level Annotations

Branches:
Dungeon (5/15)
 Temple: D:4-7

Altars:
Ashenzari
Kikubaaqudgha
Sif Muna
Vehumet

Annotations:
D:5 Grinder, Prince Ribbit


Innate Abilities, Weirdness & Mutations

You reflexively headbutt those who attack you in melee.
You have a pair of horns on your head.


Message History

You headbutt the water moccasin!
The water moccasin bites you but does no damage.
Read which item? (? for menu, Esc to quit)
Okay, then.
Drink which item? (? for menu, Esc to quit)
You feel better. The water moccasin barely misses you.
The water moccasin misses you.
You miss the water moccasin.
The water moccasin is heavily wounded.
The water moccasin barely misses you.
You closely miss the water moccasin.
The water moccasin is heavily wounded.
The water moccasin bites you but does no damage.
The water moccasin bites you!
* * * LOW HITPOINT WARNING * * *
You are lethally poisoned!
The water moccasin poisons you!
You closely miss the water moccasin.
The water moccasin is heavily wounded.
You die...

#######
#.....#
#.....#
#.....#
#..@..#
##S####
#..#
#.## #.
.. ...
#...
#...


You could see a water moccasin.

Vanquished Creatures
  A phantom (D:4)
  An ogre (D:4)
  2 centaurs
  A giant frog (D:4)
  2 howler monkeys (D:4)
  3 orc priests
  2 orc wizards
  Jessica (D:2)
  Ijyb (D:2)
  A worker ant (D:4)
  A hound skeleton (D:4)
  Robin (D:3)
  5 adders
  3 worms
  3 dart slugs
  3 giant geckos
  17 orcs
  A ball python (D:3)
  5 bats
  3 giant cockroaches
  13 hobgoblins
  12 jackals
  6 kobolds
  A quokka (D:4)
  5 giant newts
  11 goblins
  8 rats
113 creatures vanquished.

Notes
Turn   | Place    | Note
--------------------------------------------------------------
     0 | D:1      | Kzard the Minotaur Berserker began the quest for the Orb.
     0 | D:1      | Reached XP level 1. HP: 19/19 MP: 0/0
   306 | D:1      | Reached XP level 2. HP: 5/27 MP: 1/1
   308 | D:1      | Reached skill level 4 in Fighting
  1215 | D:1      | Reached XP level 3. HP: 34/34 MP: 2/2
  1793 | D:2      | Noticed Jessica
  1799 | D:2      | Killed Jessica
  1909 | D:2      | Reached skill level 5 in Fighting
  1915 | D:2      | Reached ** piety under Trog
  1966 | D:2      | Reached XP level 4. HP: 33/42 MP: 3/3
  2171 | D:2      | Noticed Ijyb
  2182 | D:2      | Killed Ijyb
  2482 | D:2      | Reached XP level 5. HP: 40/50 MP: 4/4
  2815 | D:3      | Found a shattered altar of Ashenzari.
  2817 | D:3      | Reached skill level 6 in Fighting
  3011 | D:3      | Found an ancient bone altar of Kikubaaqudgha.
  3328 | D:3      | Found a radiant altar of Vehumet.
  3338 | D:3      | Found a deep blue altar of Sif Muna.
  3343 | D:3      | Identified Sif Muna's Disquisition on Enchantment
  3399 | D:3      | Noticed a centaur
  3412 | D:3      | Killed a centaur
  3412 | D:3      | Reached XP level 6. HP: 58/58 MP: 5/5
  3913 | D:3      | Reached *** piety under Trog
  3968 | D:3      | Noticed Robin
  3978 | D:3      | Killed Robin
  4264 | D:3      | Reached skill level 7 in Fighting
  4436 | D:4      | Reached XP level 7. HP: 66/66 MP: 6/6
  5184 | D:4      | Reached **** piety under Trog
  5184 | D:4      | Reached skill level 8 in Fighting
  5184 | D:4      | Reached skill level 5 in Armour
  5472 | D:5      | Entered Level 5 of the Dungeon
  5716 | D:5      | Noticed Prince Ribbit
  5719 | D:5      | Noticed Grinder
  5719 | D:5      | Reached skill level 5 in Dodging
  5719 | D:5      | Paralysed by Grinder for 4 turns
  5723 | D:5      | HP: 1/69 [Grinder/nerve-wracking pain (3)]
  5729 | D:5      | HP: 3/69 [water moccasin (4)]
  5730 | D:5      | HP: 1/69 [poisoned by a water moccasin]
  5734 | D:5      | Succumbed to a water moccasin's poison

Skill      XL: |  1  2  3  4  5  6  7 |
---------------+----------------------+-----
Fighting       | 4 5 6 7 8 |  8.6
Axes           | 4 |  4.1
Armour         | 3 4 5 |  5.3
Dodging        | 3 4 5 |  5.0

Action                   |  1- 3 |  4- 6 |  7- 9 || total
-------------------------+-------+-------+-------++-------
Melee: Hand axe          |    69 |   114 |    59 ||   242
       Headbutt          |    11 |    21 |    17 ||    49
Throw: Stone             |    23 |    75 |    17 ||   115
Invok: Berserk           |     3 |     9 |     2 ||    14
       Trog's Hand       |       |     2 |       ||     2
       Burn Spellbooks   |       |     1 |       ||     1
  Use: Scroll            |       |     8 |     6 ||    14
       Potion            |       |       |     2 ||     2
  Eat: Chunk             |     3 |    15 |     7 ||    25
       Bread ration      |     1 |       |       ||     1
Armor: Animal skin       |    11 |     6 |       ||    17
       Ring mail         |       |     8 |       ||     8
       Chain mail        |       |    42 |    35 ||    77
Dodge: Dodged            |    41 |    60 |    39 ||   140
